 Dungeon Crawl Stone Soup version 0.22.0 (webtiles) character file.

91 Matezma the Ruffian (level 4, 0/45 HPs)
             Began as a Troll Berserker on Oct 28, 2018.
             Was a Priest of Trog.
             Slain by Sigmund
             ... wielding a +0 scythe
              (2 damage)
             ... on level 3 of the Dungeon.
             The game lasted 00:07:34 (1473 turns).

Matezma the Ruffian (Troll Berserker)               Turns: 1473, Time: 00:07:35

Health: 0/45       AC:  5    Str: 26    XL:     4   Next: 33%
Magic:  3/3        EV: 10    Int:  3    God:    Trog [***...]
Gold:   150        SH:  0    Dex:  9    Spells: 3/3 levels left

rFire    . . .     SeeInvis .     - Unarmed
rCold    . . .     Gourm    +   (no shield)
rNeg     . . .     Faith    .   a - +0 animal skin
rPois    .         Spirit   .   (helmet restricted)
rElec    .         Reflect  .   (no cloak)
rCorr    .         Harm     .   (gloves unavailable)
MR       .....                  (boots unavailable)
Stlth    +.........             (no amulet)
HPRegen  0.55/turn              (no ring)
MPRegen  0.08/turn              (no ring)

@: confused
A: large, unfitting armour, claws 3, fast metabolism 3, gourmand, regeneration
1, shaggy fur 1, tough skin 2
a: Berserk, Trog's Hand, Renounce Religion


You were on level 3 of the Dungeon.
You worshipped Trog.
Trog was most pleased with you.
You were very full.

You visited 1 branch of the dungeon, and saw 3 of its levels.

You collected 150 gold pieces.

Inventory:

Missiles
 d - 51 stones (quivered)
Armour
 a - a +0 animal skin (worn)
Wands
 n - a wand of clouds (4)
Scrolls
 e - a scroll of fog {unknown}
 f - a scroll of magic mapping {unknown}
 k - 2 scrolls of amnesia {unknown}
 l - a scroll of teleportation {unknown}
Potions
 g - a potion of might {unknown}
 h - a potion of flight {unknown}
 i - a potion of degeneration {unknown}
 j - a potion of invisibility {unknown}
 m - 2 potions of curing {unknown}
Comestibles
 b - 5 rations


   Skills:
 + Level 3.1 Fighting
 + Level 3.2 Dodging
 + Level 3.8 Unarmed Combat


You had 3 spell levels left.
You didn't know any spells.
Your spell library was empty.

Dungeon Overview and Level Annotations

Branches:
Dungeon (3/15)

Altars:

Annotations:
D:3 Sigmund


Innate Abilities, Weirdness & Mutations

You are too large for most types of armour.
You have claws for hands.
Your metabolism is lightning-fast.
You like to eat raw meat.
Your natural rate of healing is unusually fast.
You are covered in fur. (AC +1)
You have very tough skin. (AC +2)


Message History

You miss the adder. The adder bites you but does no damage.
You are more confused.
You claw the adder!
The adder is almost dead.
The adder bites you.
You claw the adder!
You kill the adder!
Trog accepts your kill.
You barely miss the giant cockroach.
The giant cockroach bites you but does no damage.
Something hits you!
* * * LOW HITPOINT WARNING * * *
The giant cockroach misses you.
You scratch the giant cockroach.
You kill the giant cockroach!
Trog accepts your kill.
You start resting.
Something hits you!
* * * LOW HITPOINT WARNING * * *
Something hits you.
You die...

# .## ....
###################".#..
.......(..............##
......#########.@†......
................##.%!(##
.....K...######## ....#
......##..... ...#
.<.....^..... .....
........##### ..#.
............. ...
........##### ......###


There were no monsters in sight!

Vanquished Creatures
  2 adders
  2 dart slugs
  3 leopard geckos
  An orc (D:3)
  3 giant cockroaches
  7 goblins
  2 hobgoblins (D:1)
  6 jackals
  8 kobolds
  A quokka (D:2)
  3 bats (D:1)
  6 frilled lizards
  22 rats
66 creatures vanquished.

Notes
Turn   | Place    | Note
-------+----------+-------------------------------------------
     0 | D:1      | Matezma the Troll Berserker began the quest for the Orb.
     0 | D:1      | Reached XP level 1. HP: 22/22 MP: 0/0
   290 | D:1      | Reached XP level 2. HP: 22/29 MP: 1/1
   832 | D:2      | Reached XP level 3. HP: 36/36 MP: 2/2
   940 | D:2      | Reached ** piety under Trog
  1146 | D:2      | Reached XP level 4. HP: 44/45 MP: 3/3
  1416 | D:3      | Noticed Sigmund
  1471 | D:3      | Reached *** piety under Trog
  1472 | D:3      | HP: 1/45 [something (11)]
  1473 | D:3      | Slain by Sigmund

Skill      XL: |  1  2  3 |
---------------+----------+-----
Dodging        | 3 |  3.2
Fighting       | 3 |  3.1
Unarmed Combat | |  3.8

Action                   |  1- 3 |  4- 6 || total
-------------------------+-------+-------++-------
Melee: Unarmed           |   144 |    21 ||   165
       Punch             |     4 |       ||     4
Throw: Stone             |     6 |       ||     6
  Use: Scroll            |     2 |       ||     2
 Stab: Sleeping          |     1 |       ||     1
  Eat: Chunk             |    16 |     2 ||    18
Armor: Animal skin       |    43 |     5 ||    48
Dodge: Dodged            |    73 |     7 ||    80
